TOP OF THE 1ST |
Trois-Riveres Aigles batting - Pitching for Southern Maryland Blue Crabs : RHP Ju-wei Chi
|
Pitching: RHP Ju-wei Chi
|
|
Batting: RHB Luis Jara
|
0-0: Bunt missed! 0-1: Swinging Strike 0-2: Foul Ball, location: 2F 0-2: Ball 1-2: Foul Ball, location: 2F 1-2: Foul Ball, location: 2F 1-2: Strikes out swinging
|
Batting: RHB Sandoval Serzedelo
|
0-0: Foul Ball, location: 2F 0-1: SOLO HOME RUN (Flyball, 7LD, EV 93.1 MPH), Distance : 361 ft
|
Batting: RHB Toshikatsu Omori
|
0-0: Called Strike 0-1: Swinging Strike 0-2: Ball 1-2: Strikes out swinging
|
Batting: SHB Derek Weaver
|
0-0: Ball 1-0: Ball 2-0: Called Strike 2-1: Foul Ball, location: 2F 2-2: Strikes out swinging, 2-3 out at first.
|
Top of the 1st over - 1 run, 1 hit, 0 errors, 0 left on base; Trois-Riveres 1 - Southern Maryland 0 |
BOTTOM OF THE 1ST |
Southern Maryland Blue Crabs batting - Pitching for Trois-Riveres Aigles : RHP Nae-wi Choe
|
Pitching: RHP Nae-wi Choe
|
|
Batting: RHB Eddie Morin
|
0-0: Called Strike 0-1: Ball 1-1: Ball 2-1: Foul Ball, location: 2F 2-2: Ball 3-2: DOUBLE (Line Drive, 78D, EV 104.4 MPH)
|
Batting: LHB Sam Hontz
|
0-0: Called Strike 0-1: Ball 1-1: SINGLE (Groundball, 23, EV 68.1 MPH) (infield hit) Eddie Morin to third
|
Batting: RHB Oscar Chapa
|
0-0: Called Strike Sam Hontz is caught stealing 2nd base 2-4 0-1: Called Strike 0-2: DOUBLE (Flyball, 89D, EV 108.1 MPH) Eddie Morin scores
|
Batting: RHB Matt Wallace
|
0-0: Ball 1-0: Fly out, F7 (Flyball, 7, EV 86.9 MPH)
|
Batting: SHB John Hiles
|
0-0: Fly out, F9 (Flyball, 9LD, EV 85.0 MPH)
|
Bottom of the 1st over - 1 run, 3 hits, 0 errors, 1 left on base; Trois-Riveres 1 - Southern Maryland 1 |
TOP OF THE 2ND |
Trois-Riveres Aigles batting - Pitching for Southern Maryland Blue Crabs : RHP Ju-wei Chi
|
Batting: RHB Chris Davis
|
0-0: Called Strike 0-1: Ball 1-1: Swinging Strike 1-2: SINGLE (Line Drive, 89M, EV 103.1 MPH)
|
Batting: RHB Micah Logan
|
0-0: Called Strike 0-1: Foul Ball, location: 2F 0-2: Foul Ball, location: 2F 0-2: Strikes out swinging
|
Batting: RHB Alistair Holmes
|
0-0: Called Strike 0-1: Swinging Strike 0-2: Ball 1-2: Grounds into double play, 4-6-3 (Groundball, 34, EV 85.6 MPH)
|
Top of the 2nd over - 0 runs, 1 hit, 0 errors, 0 left on base; Trois-Riveres 1 - Southern Maryland 1 |
BOTTOM OF THE 2ND |
Southern Maryland Blue Crabs batting - Pitching for Trois-Riveres Aigles : RHP Nae-wi Choe
|
Batting: RHB Josh Ludwig
|
0-0: Ball 1-0: Swinging Strike 1-1: Ball 2-1: Ball 3-1: Base on Balls
|
Batting: LHB Taylor Plummer
|
0-0: Ball 1-0: Ball 2-0: Called Strike 2-1: Foul Ball, location: 2F 2-2: Foul Ball, location: 2F 2-2: Foul Ball, location: 2F 2-2: Fly out, F8 (Flyball, 8RD, EV 97.5 MPH)
|
Batting: RHB Adam Beal
|
0-0: Called Strike 0-1: Ball 1-1: Ball 2-1: Called Strike 2-2: Strikes out swinging
|
Batting: RHB Pedro Luera
|
0-0: Called Strike 0-1: Ball 1-1: Ball 2-1: Ball 3-1: Foul Ball, location: 2F 3-2: Foul Ball, location: 2F 3-2: Base on Balls Josh Ludwig to second
|
Batting: RHB Eddie Morin
|
0-0: SINGLE (Line Drive, 4D, EV 98.1 MPH) Josh Ludwig to third Pedro Luera to second Runner from 3rd tries for Home, SAFE, throw by RF to home
|
Batting: LHB Sam Hontz
|
0-0: Ball 1-0: Foul Ball, location: 2F 1-1: Swinging Strike 1-2: Foul Ball, location: 2F 1-2: Strikes out swinging
|
Bottom of the 2nd over - 1 run, 1 hit, 0 errors, 2 left on base; Trois-Riveres 1 - Southern Maryland 2 |
TOP OF THE 3RD |
Trois-Riveres Aigles batting - Pitching for Southern Maryland Blue Crabs : RHP Ju-wei Chi
|
Batting: RHB Willie Acevedo
|
0-0: Ball 1-0: Ball 2-0: Ball 3-0: Base on Balls
|
Batting: RHB Ben Saxton
|
0-0: Called Strike 0-1: Foul Ball, location: 2F 0-2: Strikes out swinging
|
Batting: RHB Luis Jara
|
0-0: Ball 1-0: SINGLE (Flyball, 3D, EV 84.4 MPH) Willie Acevedo to second
|
Batting: RHB Sandoval Serzedelo
|
0-0: Called Strike 0-1: Ball 1-1: Called Strike 1-2: Ball 2-2: Foul Ball, location: 2F 2-2: Strikes out looking
|
Batting: RHB Toshikatsu Omori
|
0-0: Ball 1-0: Ball 2-0: Called Strike 2-1: Foul Ball, location: 2F 2-2: Foul Ball, location: 2F 2-2: Foul Ball, location: 2F 2-2: Foul Ball, location: 2F 2-2: Foul Ball, location: 2F 2-2: Fielders Choice at 2nd, 6-4 (Groundball, 6, EV 76.2 MPH)
|
Top of the 3rd over - 0 runs, 1 hit, 0 errors, 2 left on base; Trois-Riveres 1 - Southern Maryland 2 |
BOTTOM OF THE 3RD |
Southern Maryland Blue Crabs batting - Pitching for Trois-Riveres Aigles : RHP Nae-wi Choe
|
Batting: RHB Oscar Chapa
|
0-0: Swinging Strike 0-1: Ball 1-1: Ball 2-1: Called Strike 2-2: Strikes out swinging
|
Batting: RHB Matt Wallace
|
0-0: Called Strike 0-1: Ball 1-1: Swinging Strike 1-2: Ball 2-2: Strikes out looking
|
Batting: SHB John Hiles
|
0-0: Ball 1-0: Called Strike 1-1: SINGLE (Groundball, 34D, EV 97.5 MPH)
|
Batting: RHB Josh Ludwig
|
0-0: Foul Ball, location: 2F 0-1: Ball 1-1: Fly out, F8 (Line Drive, 89M, EV 100.0 MPH)
|
Bottom of the 3rd over - 0 runs, 1 hit, 0 errors, 1 left on base; Trois-Riveres 1 - Southern Maryland 2 |
TOP OF THE 4TH |
Trois-Riveres Aigles batting - Pitching for Southern Maryland Blue Crabs : RHP Ju-wei Chi
|
Batting: SHB Derek Weaver
|
0-0: Ball 1-0: Called Strike 1-1: Called Strike 1-2: Strikes out swinging
|
Batting: RHB Chris Davis
|
0-0: Ball 1-0: Swinging Strike 1-1: Foul Ball, location: 2F 1-2: Foul Ball, location: 2F 1-2: Ball 2-2: Ball 3-2: Strikes out swinging
|
Batting: RHB Micah Logan
|
0-0: Called Strike 0-1: Foul Ball, location: 2F 0-2: Strikes out swinging
|
Top of the 4th over - 0 runs, 0 hits, 0 errors, 0 left on base; Trois-Riveres 1 - Southern Maryland 2 |
BOTTOM OF THE 4TH |
Southern Maryland Blue Crabs batting - Pitching for Trois-Riveres Aigles : RHP Nae-wi Choe
|
Batting: LHB Taylor Plummer
|
0-0: Called Strike 0-1: Ball 1-1: DOUBLE (Line Drive, 7LS, EV 112.5 MPH)
|
Batting: RHB Adam Beal
|
0-0: Ball 1-0: Ball 2-0: Called Strike 2-1: Foul Ball, location: 2F 2-2: Foul Ball, location: 2F 2-2: Ball 3-2: Ground out 5-3 (Groundball, 5L, EV 106.2 MPH)
|
Batting: RHB Pedro Luera
|
0-0: Fly out, F7 (Line Drive, 78M, EV 101.9 MPH)
|
Batting: RHB Eddie Morin
|
0-0: Called Strike 0-1: Foul Ball, location: 2F 0-2: Ball 1-2: Strikes out swinging
|
Bottom of the 4th over - 0 runs, 1 hit, 0 errors, 1 left on base; Trois-Riveres 1 - Southern Maryland 2 |
TOP OF THE 5TH |
Trois-Riveres Aigles batting - Pitching for Southern Maryland Blue Crabs : RHP Ju-wei Chi
|
Batting: RHB Alistair Holmes
|
0-0: Ground out U3 (Groundball, 3S, EV 66.2 MPH)
|
Batting: RHB Willie Acevedo
|
0-0: Ball 1-0: SINGLE (Line Drive, 9S, EV 98.1 MPH)
|
Batting: RHB Ben Saxton
|
0-0: Fly out, F8 (Flyball, 8LS, EV 85.6 MPH)
|
Batting: RHB Luis Jara
|
0-0: Ball 1-0: Ball 2-0: Called Strike 2-1: Ball 3-1: Swinging Strike 3-2: Base on Balls Willie Acevedo to second
|
Batting: RHB Sandoval Serzedelo
|
0-0: Called Strike 0-1: Called Strike 0-2: Strikes out swinging
|
Top of the 5th over - 0 runs, 1 hit, 0 errors, 2 left on base; Trois-Riveres 1 - Southern Maryland 2 |
BOTTOM OF THE 5TH |
Southern Maryland Blue Crabs batting - Pitching for Trois-Riveres Aigles : RHP Nae-wi Choe
|
Batting: LHB Sam Hontz
|
0-0: Ball 1-0: Called Strike 1-1: Fly out, F8 (Line Drive, 8LM, EV 86.9 MPH)
|
Batting: RHB Oscar Chapa
|
0-0: Ball 1-0: Foul Ball, location: 2F 1-1: Ground out 3-1 (Groundball, 34, EV 103.1 MPH)
|
Batting: RHB Matt Wallace
|
0-0: Swinging Strike 0-1: Ball 1-1: Foul Ball, location: 2F 1-2: Ball 2-2: Foul Ball, location: 2F 2-2: Ball 3-2: Foul Ball, location: 2F 3-2: Strikes out looking
|
Bottom of the 5th over - 0 runs, 0 hits, 0 errors, 0 left on base; Trois-Riveres 1 - Southern Maryland 2 |
TOP OF THE 6TH |
Trois-Riveres Aigles batting - Pitching for Southern Maryland Blue Crabs : RHP Ju-wei Chi
|
Batting: RHB Toshikatsu Omori
|
0-0: Ball 1-0: Foul Ball, location: 2F 1-1: Ball 2-1: SOLO HOME RUN (Flyball, 7LD, EV 95.6 MPH), Distance : 359 ft
|
Batting: SHB Derek Weaver
|
0-0: DOUBLE (Line Drive, 9LM, EV 103.8 MPH)
|
Batting: RHB Chris Davis
|
0-0: Ground out 6-3 (Groundball, 6, EV 111.2 MPH)
|
Batting: RHB Micah Logan
|
0-0: Called Strike 0-1: Called Strike 0-2: Fly out, F8 (Flyball, 78D, EV 105.6 MPH)
|
Batting: RHB Alistair Holmes
|
0-0: Fly out, F8 (Flyball, 8LM, EV 80.0 MPH)
|
Top of the 6th over - 1 run, 2 hits, 0 errors, 1 left on base; Trois-Riveres 2 - Southern Maryland 2 |
BOTTOM OF THE 6TH |
Southern Maryland Blue Crabs batting - Pitching for Trois-Riveres Aigles : RHP Nae-wi Choe
|
Batting: SHB John Hiles
|
0-0: Swinging Strike 0-1: Ball 1-1: Ball 2-1: Fly out, F9 (Flyball, 89S, EV 95.0 MPH)
|
Batting: RHB Josh Ludwig
|
0-0: Ball 1-0: Called Strike 1-1: Ball 2-1: Foul Ball, location: 2F 2-2: Foul Ball, location: 2F 2-2: Strikes out swinging
|
Batting: LHB Taylor Plummer
|
0-0: Ground out 3-1 (Groundball, 34, EV 85.0 MPH)
|
Bottom of the 6th over - 0 runs, 0 hits, 0 errors, 0 left on base; Trois-Riveres 2 - Southern Maryland 2 |
TOP OF THE 7TH |
Trois-Riveres Aigles batting - Pitching for Southern Maryland Blue Crabs : RHP Ju-wei Chi
|
Batting: RHB Willie Acevedo
|
0-0: Ball 1-0: Ball 2-0: Called Strike 2-1: Ball 3-1: Foul Ball, location: 2F 3-2: Foul Ball, location: 2F 3-2: Strikes out swinging
|
Batting: RHB Ben Saxton
|
0-0: Swinging Strike 0-1: Ball 1-1: Foul Ball, location: 2F 1-2: Strikes out swinging
|
Batting: RHB Luis Jara
|
0-0: Called Strike 0-1: Fly out, F8 (Flyball, 8RD, EV 87.5 MPH)
|
Top of the 7th over - 0 runs, 0 hits, 0 errors, 0 left on base; Trois-Riveres 2 - Southern Maryland 2 |
BOTTOM OF THE 7TH |
Southern Maryland Blue Crabs batting - Pitching for Trois-Riveres Aigles : RHP Nae-wi Choe
|
Batting: RHB Adam Beal
|
0-0: Ball 1-0: Ball 2-0: Foul Ball, location: 2F 2-1: Foul Ball, location: 2F 2-2: Fly out, F7 (Flyball, 7S, EV 73.8 MPH)
|
Batting: RHB Pedro Luera
|
0-0: Called Strike 0-1: Foul Ball, location: 2F 0-2: Ball 1-2: Ball 2-2: Foul Ball, location: 2F 2-2: Fly out, F7 (Line Drive, 7D, EV 88.1 MPH)
|
Batting: RHB Eddie Morin
|
0-0: Ball 1-0: Foul Ball, location: 2F 1-1: Foul Ball, location: 2F 1-2: Ground out 5-3 (Groundball, 56, EV 82.5 MPH)
|
Bottom of the 7th over - 0 runs, 0 hits, 0 errors, 0 left on base; Trois-Riveres 2 - Southern Maryland 2 |
TOP OF THE 8TH |
Trois-Riveres Aigles batting - Pitching for Southern Maryland Blue Crabs : RHP Ju-wei Chi
|
Batting: RHB Sandoval Serzedelo
|
0-0: Foul Ball, location: 2F 0-1: Ground out 4-3 (Groundball, 4, EV 88.8 MPH)
|
Batting: RHB Toshikatsu Omori
|
0-0: Called Strike 0-1: Ball 1-1: Ground out 5-3 (Groundball, 56, EV 107.5 MPH)
|
Batting: SHB Derek Weaver
|
0-0: Ball 1-0: Ball 2-0: Ball 3-0: Called Strike 3-1: Swinging Strike 3-2: Foul Ball, location: 2F 3-2: Base on Balls
|
Pitching: RHP Lorenz Sponneck
|
|
Pinch Hitting: LHB Ian Cranton
|
0-0: Ball Derek Weaver is caught stealing 2nd base 2-6
|
Top of the 8th over - 0 runs, 0 hits, 0 errors, 0 left on base; Trois-Riveres 2 - Southern Maryland 2 |
BOTTOM OF THE 8TH |
Southern Maryland Blue Crabs batting - Pitching for Trois-Riveres Aigles : RHP Nae-wi Choe
|
Pitching: RHP Vince Martinez
|
|
Now at C: Roy Johnson
|
|
Batting: LHB Sam Hontz
|
0-0: SOLO HOME RUN (Line Drive, 7LD, EV 96.9 MPH), Distance : 356 ft
|
Batting: RHB Oscar Chapa
|
0-0: Ball 1-0: Ball 2-0: Hit by Pitch, AND HE CHARGES THE MOUND! The benches clear!
|
Pitching: LHP Joel Brown
|
|
Pinch Runner at 1st Stu Proulx:
|
|
Batting: RHB Matt Wallace
|
0-0: Fly out, F3 (Popup, 3SF, EV 87.5 MPH)
|
Batting: SHB John Hiles
|
0-0: Called Strike Stu Proulx is caught stealing 2nd base 2-4 0-1: Ball 1-1: Ball 2-1: Foul Ball, location: 2F 2-2: Ball 3-2: Foul Ball, location: 2F 3-2: Fly out, F9 (Flyball, 9S, EV 74.4 MPH)
|
Bottom of the 8th over - 1 run, 1 hit, 0 errors, 0 left on base; Trois-Riveres 2 - Southern Maryland 3 |
TOP OF THE 9TH |
Trois-Riveres Aigles batting - Pitching for Southern Maryland Blue Crabs : RHP Lorenz Sponneck
|
Pitching: RHP Kyung-won Kim
|
|
Now at 1B: Taylor Plummer
|
|
Now at 3B: Willie Carmona
|
|
Now in RF: Jeff Parlo
|
|
Batting: RHB Roy Johnson
|
0-0: Ball 1-0: Ball 2-0: Ball 3-0: Base on Balls
|
Pinch Hitting: LHB Jonathan Watt
|
0-0: Called Strike 0-1: Ball 1-1: Sac Bunt to 13 - play at first, batter OUT! 1-4 Roy Johnson to second
|
Pinch Hitting: RHB Gabe Wilcoxon
|
0-0: Ball 1-0: Ball 2-0: Called Strike 2-1: Ball 3-1: Foul Ball, location: 2F 3-2: Foul Ball, location: 2F 3-2: Base on Balls
|
Pinch Hitting: RHB Joel Wittmier
|
0-0: Ball 1-0: Ground out 5-3 (Groundball, 5L, EV 78.1 MPH) Roy Johnson to third Gabe Wilcoxon to second
|
Pinch Hitting: RHB George Connell
|
0-0: Called Strike 0-1: Called Strike 0-2: Ground out 5-3 (Groundball, 56, EV 101.9 MPH)
|
Top of the 9th over - 0 runs, 0 hits, 0 errors, 2 left on base; Trois-Riveres 2 - Southern Maryland 3 |
|